 Dungeon Crawl Stone Soup version 0.18-a0-1372-gd644665 (webtiles) character file.

54 M4edhros the Insei (level 3, 0/26 HPs)
             Began as an Octopode Monk on Feb 21, 2016.
             Slain by an orc
             ... wielding a +0 mace
              (9 damage)
             ... on level 3 of the Dungeon.
             The game lasted 00:02:07 (1882 turns).

M4edhros the Insei (Octopode Monk)                  Turns: 1882, Time: 00:02:07

Health: 0/26       AC:  1    Str: 10    XL:     3   Next: 91%
Magic:  3/3        EV: 13    Int: 12    God:
Gold:   81         SH:  0    Dex: 15    Spells: 0 memorised, 2 levels left

rFire  . . .     SeeInvis .       - Unarmed
rCold  . . .     Gourm    .     (no shield)
rNeg   . . .     Faith    .     (helmet restricted)
rPois  .         Spirit   .     (no amulet)
rElec  .         Dismiss  .     (no ring)
rCorr  .         Reflect  .     (no ring)
SustAt .         Harm     .     (no ring)
MR     .....                    (no ring)
Stlth  ++++......               (no ring)
                                (no ring)
                                (no ring)
                                (no ring)

@: not resistant to hostile enchantments, stealthy
A: almost no armour, amphibious, 8 rings, constrict 8, camouflage 1, gelatinous
body 1
a: no special abilities


You were on level 3 of the Dungeon.
You were not hungry.

You visited 1 branch of the dungeon, and saw 3 of its levels.

You collected 81 gold pieces.

Inventory:

Missiles
 f - 135 stones (quivered)
Scrolls
 b - a scroll of enchant armour {unknown}
 c - 2 scrolls of identify {unknown}
 d - 2 scrolls of teleportation {unknown}
 h - 2 scrolls of remove curse {unknown}
Potions
 e - a potion of magic {unknown}
 g - a potion of haste {unknown}
Comestibles
 a - 2 bread rations
 i - 2 fruits


   Skills:
 - Level 3.0 Fighting
 - Level 3.0 Dodging
 + Level 4.5 Stealth
 + Level 4.7 Unarmed Combat


You had 2 spell levels left.
You didn't know any spells.

Dungeon Overview and Level Annotations

Branches:
Dungeon (3/15)

Altars:
Cheibriados
Okawaru
The Shining One


Innate Abilities, Weirdness & Mutations

You cannot wear most types of armour.
You are amphibious.
You can wear up to eight rings at the same time.
You can use your tentacles to constrict eight enemies at once.
Your skin changes colour to match your surroundings (Stealth).
Your rubbery body absorbs attacks (AC +1).


Message History

You swing at nothing.
You swing at nothing.
You swing at nothing.
You swing at nothing.
You swing at nothing.
You swing at nothing.
You swing at nothing.
You swing at nothing.
There is a stone staircase leading down here.
You are now empty-tentacled.
You climb downwards.
You hear the sound of rushing water.
There is an entrance to a sewer on this level.
Hurry and find it before the portal rusts away!
You hear the brisk rusting of a very distant drain.
The orc hits you with a mace!
There is a stone staircase leading up, spattered with blood here.
You tentacle-slap the orc. You grab the orc.
The orc is lightly wounded.
You constrict the orc. The orc hits you with a mace!
You die...

## ...#####...# #........
.####....##...# #...%....
.†.#####....#.## #........
#.........###..######........
#.#####..........##......s...
..# ##..######.#..#.#######
### ####..............#
.####.<....(..........#
................@..s.##
.....)...########o.......
...<.....# #.#.##.##
###.###..# ......... # #.#
.## .#.$#.!.... # #.# .#
#..#...≈≈≈ # #.# .## ...#..≈≈
###.##.# #.# #......#


You could see an orc and a giant cockroach.

Vanquished Creatures
  An ooze (D:3)
  2 worms (D:2)
  An orc (D:3)
  2 ball pythons (D:2)
  2 giant cockroaches (D:2)
  10 goblins
  4 hobgoblins
  3 bats
  3 giant newts
  4 kobolds
  9 rats
41 creatures vanquished.

Notes
Turn   | Place    | Note
--------------------------------------------------------------
     0 | D:1      | M4edhros the Octopode Monk began the quest for the Orb.
     0 | D:1      | Reached XP level 1. HP: 16/16 MP: 1/1
   264 | D:1      | Reached XP level 2. HP: 11/21 MP: 2/2
   871 | D:2      | Reached XP level 3. HP: 22/26 MP: 3/3
   908 | D:2      | Found a glowing golden altar of the Shining One.
  1579 | D:3      | Found an iron altar of Okawaru.
  1761 | D:3      | Found a snail-covered altar of Cheibriados.
  1882 | D:3      | Slain by an orc

Vault maps used:
D:1:      minmay_arrival_four_circles
D:2:      nicolae_tso_carved_into_rock
D:3:      cheibriados_altar_1, minitemple, portal_sewer_entry_a, okawaru_trees_2

Action                   || total
-------------------------++-------
Melee: Unarmed           ||    84
 Stab: Sleeping          ||    14
  Eat: Bread ration      ||     1
